 Dungeon Crawl Stone Soup version 0.31-a0-986-g5e6e4ef867 (webtiles) character file.

Game seed: 2125100514012656285

283 quinnr the Gusty (level 6, -9/34 HPs)
             Began as a Tengu Air Elementalist on Nov 6, 2023.
             Mangled by a yak (11 damage)
             ... on level 4 of the Dungeon on Nov 8, 2023.
             The game lasted 00:08:09 (4572 turns).

quinnr the Gusty (Tengu Air Elementalist)           Turns: 4572, Time: 00:08:10

Health: -9/34      AC:  3    Str:  8    XL:     6   Next: 28%
Magic:  6/10       EV: 12    Int: 18    God:
Gold:   76         SH:  5    Dex: 14    Spells: 2/9 levels left

rFire   . . .        (no weapon)
rCold   . . .        (no shield)
rNeg    . . .        a - +0 robe
rPois   .            f - +1 hat
rElec   .            (no cloak)
rCorr   .            (no gloves)
SInv    .            (boots unavailable)
Will    .....        l - amulet of reflection
Stlth   ++           (no ring)
HPRegen 0.25/turn    (no ring)
MPRegen 0.12/turn

%: reflection, acrobat
@: very slightly contaminated
A: beak, talons 3, acrobatic
a: no special abilities


You were on level 4 of the Dungeon.
You visited 1 branch of the dungeon, and saw 4 of its levels.

You collected 76 gold pieces.


Innate Abilities, Weirdness & Mutations

You have a beak for a mouth.
You have claws for feet.
You can magically evade attacks while moving or waiting.


   Skills:
 + Level 1.1 Fighting
 - Level 2.1 Dodging
 - Level 2.0 Stealth
 - Level 2.0 Spellcasting
 - Level 1.3 Conjurations
 - Level 6.9 Air Magic
 + Level 3.9 Poison Magic


You had 2 spell levels left.
You knew the following spells:

 Your Spells              Type           Power      Damage    Failure   Level
o - Olgreb's Toxic Radia  Pois           16%        N/A       34%         4
t - Static Discharge      Conj/Air       32%        3-5/arc   4%          2
z - Shock                 Conj/Air       64%        1d7       3%          1

Your spell library contained the following spells:

 Spells                   Type           Power      Damage    Failure   Level
 Ensorcelled Hibernation  Hex/Ice        2%         N/A       26%         2
 Passwall                 Tmut/Erth      0%         N/A       26%         2
 Swiftness                Air            26%        N/A       3%          3
 Airstrike                Air            13%        2d(2-18)  11%         4
 Discord                  Hex            0%         N/A       100%        8
 Ignition                 Fire           0%         3d3       100%        8

Inventory:

Armour
 a - a +0 robe (worn)
 f - a +1 hat (worn)
Jewellery
 l - an amulet of reflection (around neck)
Scrolls
 c - 2 scrolls of poison
 d - 2 scrolls of identify {unknown}
 e - a scroll of noise {unknown}
 i - a scroll of acquirement {unknown}
 k - a scroll of enchant weapon {unknown}
 m - 2 scrolls of teleportation {unknown}
Potions
 b - a potion of magic
 g - a potion of brilliance {unknown}
 h - 2 potions of degeneration {unknown}
 j - a potion of lignification {unknown}

Dungeon Overview and Level Annotations

Branches:
Dungeon (4/15)
 Temple: D:4-7

Altars:

Annotations:
D:2 1 runed translucent door, Crazy Yiuf

##...##...##
#§§§§§§§§...
#.§§§§§§####. §
#..§§§§§§§# §§
##.#§§§§§§##§.§
###§§§§§§§§§§§
####§§§§§§§#§§§§
##§§§§§§§§§§§§§§§
#.§§§§§§§@§§§§§§§..
#.§§§§§§§YY##§§Y....
..§§§§§§§§§§#........
#.§§§#§§§§§§§§.......
#.§######§§#§§§....##
... ###§§###§§§§....
#. #..§§§..§§§§....
#..§§§...§§§..#
...............##


You could see 3 yaks.


Message History

The yak is lightly wounded.
The yak bellows! x2
Casting: Shock (safe; 3% risk of failure)
Confirm with . or Enter, or press ? or * to list all spells.
You miscast Olgreb's Toxic Radiance.
You are very lightly contaminated with residual magic.
You feel incredibly sick!
You are poisoned.
You feel sick.
Unknown command.
Unknown command.
You feel sick.
You feel sick.
You feel sick.
You see here an iguana corpse.
You feel sick.
You feel sick.
You are no longer poisoned.
A yak comes into view.
The yak attacks as it pursues you! The yak gores you!
Ouch! That really hurt!
* * * LOW HITPOINT WARNING * * *
A yak comes into view. x2
Unknown command.
The air fills with toxic fumes!
As you read the scroll labelled ADDADE PEON, it crumbles to dust.
It was a scroll of poison.
The yak bellows!
The yak barely misses you. The yak gores you!
You die...

Skill      XL: |  1  2  3  4  5  6 |
---------------+-------------------+-----
Air Magic      | 5 6 |  6.9
Poison Magic   | 1 3 |  3.9
Fighting       | 1 |  1.1
Dodging        | |  2.1
Stealth        | |  2.0
Spellcasting   | |  2.0
Conjurations   | |  1.3

Action                     |  1- 3 |  4- 6 || total
---------------------------+-------+-------++-------
  Melee: Unarmed           |     7 |       ||     7
         Peck              |     2 |       ||     2
         Kick              |     1 |       ||     1
   Cast: Shock             |    77 |   106 ||   183
         Static Discharge  |       |     4 ||     4
    Use: Scroll            |       |     1 ||     1
 Armour: Robe              |    15 |    19 ||    34
  Dodge: Dodged            |    16 |    13 ||    29

Levels and vault maps discovered:
D:1:      roadster_arrival_rocket_large, layout_basic
D:2:      layout_basic, minmay_misc_feat_x, grunt_ministairs_15, uniq_robin,
          uniq_crazy_yiuf_cottage, uniq_natasha
D:3:      layout_basic
D:4:      layout_cave_pools, jmf_multi_god_temple, minmay_manual_monolith,
          uniq_ijyb

Notes
Turn   | Place    | Note
-------+----------+-------------------------------------------
     0 | D:1      | quinnr the Tengu Air Elementalist began the quest for the
                  | Orb.
     0 | D:1      | Reached XP level 1. HP: 10/10 MP: 4/4
   154 | D:1      | Reached XP level 2. HP: 15/15 MP: 0/6
   674 | D:1      | Reached skill level 5 in Air Magic
  1058 | D:1      | Reached XP level 3. HP: 19/19 MP: 3/7
  1909 | D:2      | Noticed Natasha
  1917 | D:2      | Killed Natasha
  1918 | D:2      | Reached skill level 6 in Air Magic
  1918 | D:2      | Reached XP level 4. HP: 15/24 MP: 1/8
  2036 | D:2      | Noticed Natasha
  2042 | D:2      | Killed Natasha
  2086 | D:2      | Noticed Natasha
  2101 | D:2      | HP: 1/24 [cerulean imp/+2 spear[Natasha] (5)]
  2209 | D:2      | Learned a level 4 spell: Olgreb's Toxic Radiance
  2276 | D:2      | Killed Natasha
  2277 | D:2      | Reached skill level 1 in Poison Magic
  2280 | D:2      | Reached XP level 5. HP: 16/28 MP: 5/9
  2601 | D:2      | Reached skill level 2 in Poison Magic
  2640 | D:2      | Noticed Robin
  2677 | D:2      | Killed Robin
  2819 | D:2      | Found a runed translucent door.
  2820 | D:2      | Noticed Crazy Yiuf
  3024 | D:2      | Learned a level 2 spell: Static Discharge
  3169 | D:3      | Reached skill level 3 in Poison Magic
  3438 | D:3      | Reached XP level 6. HP: 13/32 MP: 1/10
  4481 | D:4      | Reached skill level 1 in Fighting
  4560 | D:4      | Noticed a yak
  4560 | D:4      | Noticed a yak
  4569 | D:4      | Noticed a yak
  4571 | D:4      | HP: 2/34 [yak (17)]
  4571 | D:4      | Noticed a yak
  4571 | D:4      | Noticed a yak
  4572 | D:4      | Mangled by a yak

Vanquished Creatures
  2 orc priests (D:3)
  Natasha (thrice) (D:2)
  An iguana (D:4)
  Robin (D:2)
  3 adders
  2 worms (D:2)
  2 dart slugs
  7 orcs (D:3)
  5 ball pythons
  5 bats
  7 endoplasms
  2 giant cockroaches (D:1)
  9 hobgoblins
  A frilled lizard (D:1)
  16 goblins
  5 kobolds
  4 rats
75 creatures vanquished.

Table legend: (Time is in decaauts)
 A = Elapsed time spent in this place.
 B = Non-inter-level travel time spent in this place.
 C = Inter-level travel time spent in this place.
 D = Time resting spent in this place.
 E = Time spent auto-exploring this place.
 F = Levels seen in this place.
 G = Mean time per level.
                   A        B        C        D        E       F      G
               +--------+--------+--------+--------+--------+-----+--------+
         Total |   4581 |   4478 |    103 |    532 |   3340 |   4 | 1145.2 |
       Dungeon |   4581 |   4478 |    103 |    532 |   3340 |   4 | 1145.2 |
               +--------+--------+--------+--------+--------+-----+--------+

Top non-repeatable levels by time:
     D:1: 1846 daAuts
     D:2: 1378 daAuts
     D:3: 1221 daAuts
     D:4: 134 daAuts

Table legend:
 A = Non-vault XP
 B = Vault XP
 C = Vault XP percentage of total XP
 D = Non-vault monster count
 E = Vault monster count
 F = Vault count percentage of total count
                 A         B        C        D         E       F
            +---------+---------+-------+---------+---------+-------
      Total |     334 |      71 |  17.5 |      62 |      13 |  17.3
            +---------+---------+-------+---------+---------+-------
        D:1 |      43 |       0 |   0.0 |      25 |       0 |   0.0
        D:2 |     115 |      71 |  38.2 |      18 |      13 |  41.9
        D:3 |     137 |       0 |   0.0 |      16 |       0 |   0.0
        D:4 |      39 |       0 |   0.0 |       3 |       0 |   0.0
            +---------+---------+-------+---------+---------+-------

Levels and vault maps discovered:
D:1:      roadster_arrival_rocket_large, layout_basic
D:2:      layout_basic, minmay_misc_feat_x, grunt_ministairs_15, uniq_robin,
          uniq_crazy_yiuf_cottage, uniq_natasha
D:3:      layout_basic
D:4:      layout_cave_pools, jmf_multi_god_temple, minmay_manual_monolith,
          uniq_ijyb
